 Dungeon Crawl Stone Soup version 0.30-a0-591-g3c58d2bc28 (webtiles) character file.

Game seed: 13159795871071295869

311 drugrobin the Ruffian (level 5, -5/42 HPs)
             Began as a Demigod Delver on Jan 6, 2023.
             Succumbed to a gnoll's poison
             ... on level 3 of the Dungeon.
             The game lasted 00:09:54 (3652 turns).

drugrobin the Ruffian (Demigod Delver)              Turns: 3652, Time: 00:09:55

Health: -5/42      AC:  8    Str: 17    XL:     5   Next: 96%
Magic:  7/7        EV: 10    Int: 12    God:
Gold:   188        SH:  0    Dex: 15    Spells: 4/4 levels left

rFire   . . .      SeeInvis .      - Unarmed
rCold   . . .      Faith    .    (no shield)
rNeg    . . .      Spirit   .    k - +0 scale mail
rPois   .          Reflect  .    (no helmet)
rElec   .          Harm     .    (no cloak)
rCorr   .          Rampage  .    i - +0 pair of gloves
Will    .....                    m - +0 pair of boots
Stlth   +                        (no amulet)
HPRegen 0.27/turn                (no ring)
MPRegen 0.10/turn                D - ring of wizardry

@: lethally poisoned (-5 -> -25)
A: high MP 1, forlorn, divine attributes
a: no special abilities


You were on level 3 of the Dungeon.
You visited 1 branch of the dungeon, and saw 5 of its levels.

You collected 188 gold pieces.

Inventory:

Hand Weapons
 b - a +0 sling
 z - a +0 dagger of draining
Missiles
 d - 5 atropa-tipped darts (quivered)
 A - 6 poisoned darts
Armour
 a - a +0 leather armour
 i - a +0 pair of gloves (worn)
 k - a +0 scale mail (worn)
 m - a +0 pair of boots (worn)
Jewellery
 w - a ring of fire
 D - a ring of wizardry (right hand)
Wands
 f - a wand of digging (11)
Scrolls
 c - a scroll of identify {unknown}
 e - 2 scrolls of immolation {unknown}
 l - a scroll of magic mapping
 n - 2 scrolls of fog
 o - a scroll of butterflies {unknown}
 p - a scroll of enchant weapon {unknown}
 r - a scroll of amnesia {unknown}
 y - a scroll of brand weapon {unknown}
Potions
 g - a potion of flight {unknown}
 h - 2 potions of mutation {unknown}
 j - a potion of degeneration {unknown}
 q - 2 potions of attraction {unknown}
 s - a potion of brilliance {unknown}
 t - 2 potions of curing {unknown}
 u - 2 potions of heal wounds {unknown}
 v - a potion of lignification {unknown}
 x - a potion of might {unknown}
 B - a potion of ambrosia {unknown}
 C - a potion of invisibility {unknown}


   Skills:
 - Level 2.6 Fighting
 - Level 1.7 Dodging
 - Level 4.5 Stealth
 + Level 6.0 Unarmed Combat


You had 4 spell levels left.
You didn't know any spells.
Your spell library contained the following spells:

 Spells                   Type           Power      Damage    Failure   Level
 Iskenderun's Battlesphe  Conj           0%         2d6       100%        5
 Iron Shot                Conj/Erth      0%         9d1       100%        6
 Spellforged Servitor     Conj/Summ      0%         N/A       100%        7


Dungeon Overview and Level Annotations

Branches:
Dungeon (5/15)             Temple (0/1) D:5

Annotations:
D:3 Natasha


Innate Abilities, Weirdness & Mutations

You have an increased reservoir of magic. (+10% MP)
You shall have no god before yourself.
Your divine heritage dramatically boosts your attributes as you level up.


Message History

The orc is almost dead.
The orc hits you but does no damage.
You closely miss the orc.
The orc is almost dead.
You hit the orc.
You kill the orc!
You hit the gnoll but do no damage. The gnoll completely misses you.
The gnoll hits you but does no damage.
Press: ? - help, v - describe, . - travel
Here: a gnoll, wielding a +2 spear of venom and quivering a throwing net The floor, spattered with blood.
Unknown command.
The gnoll attacks as you move away! The gnoll misses you.
The gnoll attacks as you move away! The gnoll hits you but does no damage.
The gnoll throws a throwing net.
The throwing net hits you.
You become entangled in the net!
You see here a throwing net.
You struggle against the net.
The gnoll hits you with a +0 club.
You struggle against the net.
The gnoll hits you with a +0 club.
The gnoll hits you from afar with a +2 spear of venom.
You are poisoned.
You shred the net and break free!
You feel very sick. The gnoll hits you with a +0 club.
The gnoll hits you but does no damage.
You are more poisoned.
You feel very sick.
You feel very sick. The gnoll attacks as you move away!
The gnoll hits you but does no damage.
You feel sick.
You feel very sick. The gnoll attacks as you move away!
The gnoll closely misses you.
You feel sick.
There is a stone staircase leading up here.
You feel sick.
The gnoll hits you from afar with a +2 spear of venom.
* * * LOW HITPOINT WARNING * * *
You are more poisoned.
You climb upwards.
Level annotation: Natasha You die...

...## #.# #..#+###'#..#+##
#..####.### ###..#.....#..#..##
#.........# ##.'##+##'##+##'...#
#.###.#.#.# #..#.....#.....#....
#.##....#.####.##.....#.....#....
'........)......###'##'##'###....
#.#....##.######.#.....##........
#..#......# #g##.######.......
#.###.##### #@#### ##.....#
##.#.## #.# ##...## ##.## #.#
##+## #.# #.# #.# ###.# #.#
########.# ....# #.# #......#.###
##..# #.# #.##.#)..... #..# #.#
#.##.#.....# ##..# #.#
#....#......


You could see a gnoll.

Vanquished Creatures
  A phantom (D:3)
  A hound (D:4)
  Ijyb (D:3)
  An orc wizard (D:4)
  A gnoll (D:1)
  7 adders
  2 worms
  5 dart slugs
  4 orcs
  7 ball pythons
  7 endoplasms
  2 giant cockroaches (D:1)
  2 goblins
  6 hobgoblins
  3 jackals
  4 quokkas
  2 bats
  3 frilled lizards
  7 kobolds
  4 rats
70 creatures vanquished.

Notes
Turn   | Place    | Note
-------+----------+-------------------------------------------
     0 | D:5      | drugrobin the Demigod Delver began the quest for the Orb.
     0 | D:5      | Reached XP level 1. HP: 18/18 MP: 3/3
     4 | D:5      | Found a staircase to the Ecumenical Temple.
    63 | D:5      | Reached skill level 2 in Unarmed Combat
    86 | D:5      | Noticed a centaur
   103 | D:5      | Noticed an iguana
   115 | D:5      | Noticed an ogre
   508 | D:1      | Reached XP level 2. HP: 22/25 MP: 4/4
   747 | D:1      | Reached skill level 3 in Unarmed Combat
  1300 | D:1      | Reached XP level 3. HP: 29/30 MP: 5/5
  1764 | D:2      | Reached skill level 4 in Unarmed Combat
  2176 | D:3      | Reached XP level 4. HP: 36/37 MP: 6/6
  2415 | D:3      | Noticed Ijyb
  2445 | D:3      | Killed Ijyb
  2580 | D:3      | Noticed a phantom
  2599 | D:3      | Killed a phantom
  2600 | D:3      | Reached skill level 5 in Unarmed Combat
  2600 | D:3      | Reached XP level 5. HP: 35/42 MP: 7/7
  3170 | D:3      | Noticed Natasha
  3554 | D:4      | Reached skill level 6 in Unarmed Combat
  3651 | D:4      | HP: 1/42 [gnoll/+2 spear of venom (6)]
  3652 | D:3      | Succumbed to a gnoll's poison

Illustrated notes

Levels and vault maps discovered:
D:1:      psy_arrival_radial01, layout_basic
D:2:      minmay_wonky_spiral, layout_basic
D:3:      minmay_inner_zag, layout_loops_corners, mainiacjoe_overflow_24_doors,
          mainiacjoe_overflow_big_doors, mainiacjoe_overflow_alcove_1,
          minmay_misc_feat_roman, grunt_decor_junction, minmay_distorted,
          uniq_ijyb, uniq_natasha
D:4:      layout_basic, minmay_between
D:5:      layout_rooms, nicolae_overflow_hidden_temple,
          minmay_temple_entry_ruins, nicolae_underground_beach

Skill      XL: |  1  2  3  4  5 |
---------------+----------------+-----
Unarmed Combat | 2 3 4 5 6 |  6.0
Fighting       | |  2.6
Dodging        | |  1.7
Stealth        | |  4.5

Action                   |  1- 3 |  4- 6 || total
-------------------------+-------+-------++-------
Melee: Unarmed           |   187 |   104 ||   291
       Punch             |     7 |     2 ||     9
 Fire: Sling             |    19 |    15 ||    34
Throw: Dart              |     5 |     1 ||     6
  Use: Scroll            |     2 |       ||     2
       Potion            |     1 |       ||     1
 Stab: Sleeping          |     1 |       ||     1
Armor: Leather armour    |    16 |       ||    16
       Scale mail        |    47 |    45 ||    92
Dodge: Dodged            |    88 |    40 ||   128

Table legend: (Time is in decaauts)
 A = Elapsed time spent in this place.
 B = Non-inter-level travel time spent in this place.
 C = Inter-level travel time spent in this place.
 D = Time resting spent in this place.
 E = Time spent auto-exploring this place.
 F = Levels seen in this place.
 G = Mean time per level.
                   A        B        C        D        E       F      G
               +--------+--------+--------+--------+--------+-----+--------+
         Total |   3616 |   3521 |     95 |      0 |   2255 |   5 |  723.2 |
       Dungeon |   3616 |   3521 |     95 |      0 |   2255 |   5 |  723.2 |
               +--------+--------+--------+--------+--------+-----+--------+

Top non-repeatable levels by time:
     D:3: 1188 daAuts
     D:1: 1139 daAuts
     D:2: 749 daAuts
     D:4: 428 daAuts
     D:5: 111 daAuts
